Get step-by-step instructions on how to execute this build order below. Start the game timer, and the build order will tick by so you can play in parallel with StarCraft on a second screen or mobile device.

Game Time

  0:00

Last Step

  N/A

Next Step

  12  0:00  Drone  

Upcoming Step

  13  0:12  Overlord  

Don't want to look back and forth between 2 screens? Try out our Overwolf App, the Spawning Tool Build Advisor to get an in-game overlay with this build!

Complete Build Order

  12  0:00  Drone  
  13  0:12  Overlord  
  13  0:18  Drone  
  14  0:30  Drone x2  
  16  0:46  Hatchery  
  15  0:50  Drone  
  15  0:53  Drone  
  15  0:56  Drone  
  18  1:07  Extractor  
  17  1:12  Spawning Pool  
  17  1:16  Drone  
  18  1:18  Drone  
  18  1:28  Drone  
  20  1:40  Drone  
  20  1:49  Drone  
  21  1:58  Queen  
  21  1:59  Zergling x4, Queen  
  27  2:10  Drone  
  27  2:11  Overlord  
  28  2:20  Extractor  
  28  2:21  Drone  
  28  2:29  Overlord, Extractor  
  28  2:32  Drone, Metabolic Boost  
  28  2:35  Drone  
  29  2:42  Hatchery  
  29  2:45  Drone x2  
  31  2:51  Queen  
  31  2:53  Drone  
  31  2:55  Drone  
  35  3:03  Drone  
  35  3:04  Queen  
  38  3:06  Drone  
  38  3:09  Drone  
  40  3:13  Drone  
  40  3:16  Overlord  
  40  3:17  Drone  
  42  3:20  Spore Crawler  
  42  3:23  Drone  
  43  3:33  Queen, Overlord  
  45  3:35  Drone x2  
  45  3:38  Drone  
  45  3:40  Drone x2  
  50  3:48  Drone  
  51  3:49  Overlord  
  51  3:51  Queen  
  51  3:53  Queen  
  51  3:54  Zergling x2  
  56  3:56  Zergling x2  
  56  4:01  Drone  
  58  4:04  Zergling x2  
  58  4:08  Zergling x4  
  61  4:10  Overlord  
  61  4:12  Queen  
  61  4:13  Drone  
  61  4:15  Zergling x2  
  65  4:19  Drone  
  65  4:20  Overlord  
  65  4:23  Drone x2  
  68  4:25  Drone x3  
  68  4:27  Overlord  
  68  4:28  Drone x2  
  68  4:29  Drone  
  74  4:32  Lair  
  74  4:41  Baneling Nest  
  74  4:43  Drone x6  
  78  4:53  Overlord  
  78  4:54  Drone x2  
  78  4:56  Spore Crawler  
  78  4:57  Spore Crawler  
  78  4:58  Drone x2  
  78  4:59  Overlord  
  80  5:00  Drone  
  80  5:01  Drone  
  80  5:02  Spore Crawler  
  80  5:04  Extractor x2  
  80  5:06  Overlord  
  79  5:11  Drone x4  
  79  5:13  Queen  
  85  5:19  Drone x3  
  85  5:20  Evolution Chamber x2  
  86  5:27  Extractor  
  85  5:29  Hatchery  
  85  5:31  Overseer  
  85  5:32  Overseer  
  85  5:35  Drone x4  
  88  5:39  Centrifugal Hooks, Drone x2  
  88  5:41  Overlord  
  90  5:43  Drone x2  
  90  5:48  Overlord  
  92  5:53  Zerg Ground Armor Level 1  
  92  5:54  Overlord  
  92  5:56  Zergling x8  
  96  5:58  Overlord  
  96  6:04  Zerg Melee Weapons Level 1, Extractor  
  96  6:06  Overlord  
  96  6:07  Drone x4  
  99  6:12  Zergling x2  
  99  6:16  Drone x5  
  104  6:21  Drone  
  104  6:24  Zergling x4, Infestation Pit  
  104  6:25  Spore Crawler  
  105  6:27  Baneling x6  
  105  6:28  Zergling x6  
  105  6:32  Zergling x4  
  110  6:35  Zergling x2  
  111  6:40  Zergling x2  
  111  6:45  Zergling x10  
  117  6:49  Overlord  
  117  6:51  Zergling x2  
  117  6:52  Zergling x6  
  120  6:54  Overlord  
  120  6:57  Overlord  
  120  6:58  Hatchery  
  119  7:02  Zergling x8  
  119  7:03  Overlord  
  119  7:05  Baneling x8  
  119  7:06  Overlord  
  123  7:09  Zergling x2  
  123  7:10  Baneling x5  
  123  7:11  Drone  
  123  7:12  Drone x2  
  123  7:15  Hive  
  127  7:16  Drone  
  127  7:18  Drone x2  
  127  7:19  Drone x2  
  127  7:22  Drone x2  
  134  7:25  Zergling x4  
  134  7:28  Baneling x6  
  134  7:29  Zergling x8  
  140  7:37  Zergling x4  
  130  7:40  Zergling x8  
  130  7:42  Zergling x4  
  127  7:45  Zergling x8  
  127  7:48  Baneling x8  
  127  7:50  Zergling x2  
  132  7:54  Zergling x2  
  132  7:56  Baneling x6  
  133  7:59  Zergling x6  
  133  8:00  Zergling x4  
  133  8:01  Baneling x4  
  133  8:04  Zergling x2  
  116  8:12  Zergling x2  
  116  8:13  Queen, Zergling x6  
  116  8:14  Queen  
  116  8:18  Baneling, Zergling x12  
  116  8:19  Baneling x9  
  127  8:20  Zergling x2  
  127  8:26  Zergling x10  
  131  8:28  Zergling x4